 Dungeon Crawl Stone Soup version 0.32-a0-136-gc02482bde3 (webtiles) character file.

Game seed: 13361765485277401579

7 Bravepunisher the Ducker (level 1, 0/11 HPs)
             Began as a Spriggan Monk on Feb 9, 2024.
             Slain by a quokka (1 damage)
             ... on level 1 of the Dungeon on Feb 10, 2024.
             The game lasted 00:01:25 (135 turns).

Bravepunisher the Ducker (Spriggan Monk)             Turns: 135, Time: 00:01:26

Health: 0/11       AC:  2    Str:  7    XL:     1   Next: 83%
Magic:  2/2        EV: 19    Int: 11    God:
Gold:   0          SH:  0    Dex: 17    Spells: 0/0 levels left

rFire   . . .        a - +0 short sword
rCold   . . .        (no shield)
rNeg    . . .        b - +0 robe
rPois   .            (helmet restricted)
rElec   .            (no cloak)
rCorr   .            (gloves unavailable)
SInv    +            (boots unavailable)
Will    .....        (no amulet)
Stlth   ++           (no ring)
HPRegen 0.21/turn    (no ring)
MPRegen 0.08/turn

%: no passive effects
@: very quick
A: very small, no large weapons, unfitting armour, see invisible, speed 3
a: no special abilities


You were on level 1 of the Dungeon.
You visited 1 branch of the dungeon, and saw 1 of its levels.

Inventory:

Hand Weapons
 a - a +0 short sword (weapon)
Armour
 b - a +0 robe (worn)
Potions
 c - a potion of ambrosia


   Skills:
 + Level 2.5 Fighting
 - Level 3.2 Short Blades
 * Level 4.4 Dodging


You couldn't memorise any spells.
You didn't know any spells.
Your spell library was empty.

Dungeon Overview and Level Annotations

Branches:
Dungeon (1/15)

Altars:


Innate Abilities, Weirdness & Mutations

You are very small and have problems with some larger weapons.
You are too small for most types of armour.
You have supernaturally acute eyesight. (SInv)
You cover ground extremely quickly. (Speed+++)


Message History

You kill the frilled lizard!
A giant cockroach comes into view.
Things that are here:
a +0 dagger; a frilled lizard corpse; a goblin corpse You hit the kobold.
You kill the kobold!
Found a grey potion.
Things that are here:
a +0 dagger; 2 stones; a kobold corpse An endoplasm comes into view.
The endoplasm moves out of view.
A quokka comes into view.
A hobgoblin comes into view.
The giant cockroach misses you.
You closely miss the giant cockroach.
The endoplasm quivers.
The hobgoblin shouts!
You hear a shout!
The giant cockroach attacks as it pursues you!
The giant cockroach misses you.
The endoplasm jiggles.
A goblin comes into view. It is wielding a +0 dagger.
An endoplasm comes into view.
The goblin shouts!
The endoplasm quivers.
You hear a loud squeak.
A rat comes into view.
The endoplasm freezes you.
You are frozen.
The rat bites you. The endoplasm freezes you.
You are frozen.
The rat attacks as it pursues you! The rat barely misses you.
The endoplasm completely misses you. The rat attacks as it pursues you!
The rat bites you.
The endoplasm attacks as it pursues you!
The endoplasm closely misses you. The goblin misses you.
The giant cockroach closely misses you. The quokka bites you.
* * * LOW HITPOINT WARNING * * *
The quokka bites you.
You die...

.....## ....g.. .......
..... ..!# #.J #.
##############... #.
#.......#@.....# #####.
#...r....r###########.J...
#.....g.##.g..........####
####......J...############
#......######## ########


You could see an endoplasm (wandering), a quokka, a goblin and a rat.

Vanquished Creatures
  A goblin (D:1)
  A quokka (D:1)
  3 ball pythons (D:1)
  A bat (D:1)
  A frilled lizard (D:1)
  A kobold (D:1)
8 creatures vanquished.

Notes
Turn   | Place    | Note
-------+----------+-------------------------------------------
     0 | D:1      | Bravepunisher the Spriggan Monk began the quest for the
                  | Orb.
     0 | D:1      | Reached XP level 1. HP: 11/11 MP: 2/2
     6 | D:1      | Upgraded the game from 0.32-a0-132-g2d33c3cfaf to
                  | 0.32-a0-136-gc02482bde3
    16 | D:1      | Noticed an ogre
   135 | D:1      | Slain by a quokka

Illustrated notes

Levels and vault maps discovered:
D:1:      evilmike_arrival_come_back, layout_rooms

Action                     || total
---------------------------++-------
  Melee: Short sword       ||    27
         Punch             ||     1
 Armour: Robe              ||     9
  Dodge: Dodged            ||    30

Table legend: (Time is in decaauts)
 A = Elapsed time spent in this place.
 B = Non-inter-level travel time spent in this place.
 C = Inter-level travel time spent in this place.
 D = Time resting spent in this place.
 E = Time spent auto-exploring this place.
 F = Levels seen in this place.
 G = Mean time per level.
                   A        B        C        D        E       F      G
               +--------+--------+--------+--------+--------+-----+--------+
         Total |     94 |     94 |      0 |      0 |     21 |   1 |   94.0 |
       Dungeon |     94 |     94 |      0 |      0 |     21 |   1 |   94.0 |
               +--------+--------+--------+--------+--------+-----+--------+

Top non-repeatable levels by time:
     D:1: 94 daAuts
